 Dungeon Crawl Stone Soup version 0.30-a0-857-gcaf70739d4 (webtiles) character file.

Game seed: 12766267626548382999

14478 Newt the Markskobold (level 12, -3/68 HPs)
             Began as a Kobold Hunter on Mar 5, 2023.
             Was a Believer of Hepliaklqana.
             Killed from afar by Lodul (30 damage)
             ... with a bolt of lightning
             ... on level 10 of the Dungeon.
             The game lasted 00:11:02 (9698 turns).

Newt the Markskobold (Kobold Hunter)                Turns: 9698, Time: 00:11:02

Health: -3/68      AC: 16    Str:  9    XL:     12   Next: 45%
Magic:  16/16      EV: 17    Int: 13    God:    Hepliaklqana [**....]
Gold:   669        SH:  0    Dex: 34    Spells: 11/11 levels left

rFire   . . .      SeeInvis .    a - +3 shortbow (freeze)
rCold   + . .      Faith    .    (shield currently unavailable)
rNeg    . . .      Spirit   .    K - +7 Kryia's mail coat {PotionHeal*2 rC+}
rPois   .          Reflect  .    (no helmet)
rElec   .          Rampage  .    r - scarf {harm}
rCorr   .          Harm     + .  i - +0 pair of gloves
Will    .....                    (no boots)
Stlth   +++                      e - amulet of Leaves {Regen+ Int+2 Slay+2}
HPRegen 1.11/turn                y - +6 ring of dexterity
MPRegen 0.15/turn                l - +6 ring of dexterity

@: no status effects
A: reduced essence, small, no large weapons, nightstalker 3
a: Renounce Religion, Recall Ancestor, Ancestor Identity


You were on level 10 of the Dungeon.
You worshipped Hepliaklqana.
Hepliaklqana was pleased with you.
You visited 2 branches of the dungeon, and saw 11 of its levels.

You collected 669 gold pieces.

Inventory:

Hand Weapons
 a - a +3 shortbow of freezing (weapon)
Missiles
 k - 2 throwing nets
Armour
 c - a +0 leather armour
 i - a +0 pair of gloves (worn)
 r - a scarf of harm (worn)
 I - a +2 leather armour of willpower
 K - the +7 Kryia's mail coat (worn) {PotionHeal*2 rC+}
   (You found it on level 8 of the Dungeon)

   PotionHeal*2: Potions heal its wearer twice as much.
   rC:        It protects you from cold.
Jewellery
 d - a +6 ring of intelligence
 e - an amulet of Leaves (around neck) {Regen+ Int+2 Slay+2}
   (You acquired it on level 2 of the Dungeon)

   [amulet of regeneration]

   Int:       It affects your intelligence (+2).
   Slay:      It affects your accuracy & damage with ranged weapons and melee
   (+2).
   Regen:     It increases your rate of health regeneration.
 f - a +4 ring of protection
 l - a +6 ring of dexterity (right hand)
 q - a ring of fire
 u - an amulet of faith
 y - a +6 ring of dexterity (left hand)
 z - a +4 ring of protection
 F - the ring of Grontol {rF+ rN+ Str+6 Stlth-}
   (You found it on level 6 of the Dungeon)

   [ring of strength]

   Str:       It affects your strength (+6).
   rF:        It protects you from fire.
   rN:        It protects you from negative energy.
   Stlth:     It makes you less stealthy.
Wands
 t - a wand of mindburst (12)
 C - a wand of flame (21)
 J - a wand of polymorph (11)
 L - a wand of digging (3)
Scrolls
 b - 4 scrolls of immolation
 h - 2 scrolls of teleportation
 m - a scroll of fog {unknown}
 p - 2 scrolls of poison
 s - 2 scrolls of magic mapping
 w - 2 scrolls of fear
 x - a scroll of vulnerability
 B - a scroll of blinking {unknown}
 D - a scroll of brand weapon
 H - a scroll of torment {unknown}
Potions
 g - 2 potions of brilliance
 j - a potion of flight
 n - 2 potions of heal wounds
 o - 4 potions of attraction
 v - a potion of cancellation
 A - 4 potions of curing
 E - 2 potions of lignification
 G - a potion of mutation
 N - a potion of ambrosia {unknown}
Miscellaneous
 M - a piece from Xom's chessboard (15/15)


   Skills:
 - Level 9.0 Fighting
 - Level 16.0 Ranged Weapons
 + Level 6.4 Armour
 - Level 8.0 Dodging
 - Level 1.3 Stealth
 - Level 6.0 Invocations
 - Level 8.0 Evocations


You had 11 spell levels left.
You didn't know any spells.
Your spell library contained the following spells:

 Spells                   Type           Power      Damage    Failure   Level
 Beastly Appendage        Tmut           0%         N/A       89%         1
 Freeze                   Ice            0%         1d3       89%         1
 Magic Dart               Conj           0%         1d3       89%         1
 Shock                    Conj/Air       0%         1d3       89%         1
 Cigotuvi's Dreadful Rot  Necr/Pois/Air  0%         N/A       96%         2
 Poisonous Vapours        Pois/Air       0%         N/A       96%         2
 Searing Ray              Conj           0%         2d4       96%         2
 Static Discharge         Conj/Air       0%         2-2/arc   96%         2
 Dazzling Flash           Conj/Hex       0%         N/A       99%         3
 Frozen Ramparts          Ice            0%         1d1       99%         3
 Hailstorm                Conj/Ice       0%         3d3       99%         3
 Ignite Poison            Fire/Tmut/Pois 0%         N/A       99%         3
 Inner Flame              Hex/Fire       0%         N/A       99%         3
 Mephitic Cloud           Conj/Pois/Air  0%         N/A       99%         3
 Summon Guardian Golem    Hex/Summ       0%         N/A       99%         3
 Swiftness                Air            0%         N/A       99%         3
 Vhi's Electric Charge    Tloc/Air       0%         N/A       99%         3
 Airstrike                Air            0%         2d(0-16)  100%        4
 Fulminant Prism          Conj/Hex       0%         3d5       100%        4
 Agony                    Necr           0%         N/A       100%        5
 Arcjolt                  Conj/Air       0%         1d10      100%        5
 Blade Hands              Tmut           0%         N/A       100%        5
 Fireball                 Conj/Fire      0%         3d3       100%        5
 Irradiate                Conj/Tmut      0%         3d11      100%        5
 Lightning Bolt           Conj/Air       0%         1d11      100%        5
 Silence                  Hex/Air        0%         N/A       100%        5
 Dragon Form              Tmut           0%         N/A       100%        7
 Orb of Destruction       Conj           0%         9d5       100%        7
 Spellforged Servitor     Conj/Summ      0%         N/A       100%        7


Dungeon Overview and Level Annotations

Branches:
Dungeon (10/15)            Temple (1/1) D:4            Lair (0/5) D:8
    Orc: D:9-12

Altars:
Ashenzari
Cheibriados
Dithmenos
Elyvilon
Fedhas
Gozag
Hepliaklqana
Kikubaaqudgha
Makhleb
Nemelex Xobeh
Okawaru
Qazlal
Sif Muna
Trog
Uskayaw
Wu Jian
Xom
Yredelemnul
Zin
The Shining One
Lugonu

Shops:
D:1 *

Annotations:
D:10 Lodul


Innate Abilities, Weirdness & Mutations

Your life essence is reduced to manifest your ancestor. (-10% HP)
You are small and have problems with some larger weapons.
You are completely attuned to the shadows.


Message History

No target in view!
No target in view!
An ogre comes into view. It is wielding a +0 giant club.
An ogre is nearby!
An ogre is nearby!
You shoot an arrow. The arrow hits the ogre!
The arrow freezes the ogre.
The ogre is heavily wounded.
You hear a shout! x2
An ogre comes into view. It is wielding a +0 giant club.
An orc comes into view. It is wielding a +0 flail.
You hear a shout!
You shoot an arrow. The arrow hits the ogre!!
The arrow freezes the ogre.
You kill the ogre!
You shoot an arrow. The arrow hits the ogre!!
The arrow freezes the ogre!
You kill the ogre!
Lodul the Thundrous comes into view.
He is wielding a +4 heavy dire flail.
An ogre comes into view. It is wielding a +0 giant spiked club.
You shoot an arrow. The arrow hits the orc!
The arrow freezes the orc.
You kill the orc!
You hear a shout!
Electricity crackles from Lodul's apparatus.
The bolt of lightning misses you.
An ogre comes into view. It is wielding a +0 giant club.
An orc comes into view. It is wielding a +0 dagger. x2
Tiberia hits the ogre with a +0 flail!
You shoot an arrow. Tiberia avoids your attack.
The arrow hits the ogre!
The arrow freezes the ogre.
The ogre is almost dead.
An orc warrior comes into view. It is wielding a +0 trident.
An ogre comes into view. It is wielding a +0 giant club.
You shoot an arrow. The arrow hits the ogre!
The arrow freezes the ogre.
You kill the ogre!
Tiberia closely misses Lodul.
Electricity crackles from Lodul's apparatus.
The bolt of lightning hits you!!
Ouch! That really hurt!
Unknown command.
Electricity crackles from Lodul's apparatus.
The bolt of lightning hits you!!
You die...

#### ##..## #.......
##....## ..OoOo..
#......## .oRO.(.
##.......# #......
##........## #......
#..........####@...#
##...........##...###
#............##..##
.................#
................## #
#######.........# ##
######..## #. ##..##
##. #...# #..


You could see the friendly Tiberia the knight, Lodul (ally target), an orc
warrior, 2 ogres and 2 orcs.

Vanquished Creatures
  3 death yaks (D:8)
  The ghost of dialectric the Basher, a novice GrFi of Dithmenos (D:9)
  Psyche (D:8)
  2 unseen horrors
  A kobold demonologist (D:10)
  2 komodo dragons
  A troll (D:9)
  Sigmund (D:4)
  4 wyverns
  A wraith (D:6)
  19 yaks
  Eustachio (D:4)
  2 neqoxecs (D:9)
  3 steam dragons
  5 water moccasins
  Duvessa (D:7)
  4 orc warriors
  2 ice beasts
  A sky beast (D:8)
  5 black bears
  5 ogres
  2 centaurs
  2 kobold brigands (D:6)
  The ghost of baller8008 the Conjurer, an amateur DECj (D:6)
  3 bullfrogs
  4 scorpions
  A water moccasin zombie (D:6)
  8 wights
  Dowan (D:7)
  8 killer bees
  2 howler monkeys
  A centaur zombie (D:6)
  6 orc priests
  3 hounds
  A quasit (D:9)
  A gnoll bouda (D:6)
  A jelly (D:7)
  A sleepcap (D:5)
  9 iguanas
  8 orc wizards
  A mummy (D:3)
  12 gnolls
  7 adders
  A shadow imp (D:8)
  A white imp (D:6)
  An ufetubus (D:4)
  A worm (D:5)
  A dart slug (D:1)
  55 orcs
  9 bats
  4 endoplasms
  2 giant cockroaches (D:1)
  8 hobgoblins
  2 jackals (D:4)
  9 kobolds
  3 quokkas
  5 ball pythons
  4 frilled lizards
  5 goblins
  4 rats
263 creatures vanquished.

Vanquished Creatures (collateral kills)
  A two-headed ogre (D:9)
  A yak (D:10)
  A wyvern (D:9)
  An orc warrior (D:8)
  A quasit (D:9)
  An orc wizard (D:9)
  3 orcs
9 creatures vanquished.

Vanquished Creatures (others)
  2 ancestors (D:9)
  6 fungi (D:8)
  12 plants
20 creatures vanquished.

Grand Total: 292 creatures vanquished

Notes
Turn   | Place    | Note
-------+----------+-------------------------------------------
     0 | D:1      | Newt the Kobold Hunter began the quest for the Orb.
     0 | D:1      | Reached XP level 1. HP: 12/12 MP: 1/1
    32 | D:1      | Found a faded altar of an unknown god.
    92 | D:1      | Reached XP level 2. HP: 18/18 MP: 2/2
   396 | D:1      | Found Nihufamy's General Store.
   437 | D:1      | Reached XP level 3. HP: 20/23 MP: 3/3
   751 | D:2      | Identified a scroll of acquirement
   751 | D:2      | Acquired an amulet of Leaves {Regen+ Int+2 Slay+2}
  1104 | D:2      | Reached XP level 4. HP: 30/30 MP: 4/4
  1785 | D:3      | Acquired a scarf of harm
  2187 | D:3      | Reached skill level 5 in Fighting
  2187 | D:3      | Reached XP level 5. HP: 35/35 MP: 5/5
  2187 | D:3      | Found a shimmering blue altar of Sif Muna.
  2267 | D:3      | Found a snail-covered altar of Cheibriados.
  2275 | D:3      | Reached skill level 6 in Ranged Weapons
  2406 | D:4      | Noticed a black bear
  2416 | D:4      | Killed a black bear
  2417 | D:4      | Reached skill level 7 in Ranged Weapons
  2417 | D:4      | Reached XP level 6. HP: 36/40 MP: 6/6
  2544 | D:4      | Noticed a black bear
  2549 | D:4      | Killed a black bear
  2549 | D:4      | Noticed Sigmund
  2550 | D:4      | Reached skill level 8 in Ranged Weapons
  2551 | D:4      | Reached XP level 7. HP: 36/44 MP: 7/7
  2554 | D:4      | Killed Sigmund
  2555 | D:4      | Reached skill level 9 in Ranged Weapons
  2564 | D:4      | Reached skill level 10 in Ranged Weapons
  2584 | D:4      | Found a white marble altar of Elyvilon.
  2585 | D:4      | Found a glowing golden altar of the Shining One.
  2586 | D:4      | Found a glowing silver altar of Zin.
  2689 | D:4      | Noticed Eustachio
  2697 | D:4      | Killed Eustachio
  2698 | D:4      | Reached XP level 8. HP: 49/49 MP: 8/8
  2848 | D:4      | Reached skill level 5 in Dodging
  3154 | D:4      | Found a staircase to the Ecumenical Temple.
  3164 | Temple   | Entered the Ecumenical Temple
  3250 | D:5      | Entered Level 5 of the Dungeon
  3256 | D:5      | Found an iron altar of Okawaru.
  3458 | D:5      | Found the +6 shillelagh "Devastator" {shatter}
  4276 | D:6      | Noticed a yak
  4276 | D:6      | Noticed a yak
  4276 | D:6      | Noticed a yak
  4277 | D:6      | Noticed a yak
  4277 | D:6      | Noticed a wraith
  4278 | D:6      | Noticed a yak
  4279 | D:6      | Noticed a yak
  4287 | D:6      | Killed a yak
  4288 | D:6      | Reached XP level 9. HP: 47/55 MP: 9/9
  4415 | D:6      | Reached skill level 5 in Evocations
  4426 | D:6      | Identified the ring of Grontol {rF+ rN+ Str+6 Stlth-}
  4479 | D:6      | Reached XP level 10. HP: 66/66 MP: 10/10
  4653 | D:6      | Killed an unseen horror
  4654 | D:6      | Reached skill level 11 in Ranged Weapons
  4910 | D:6      | Reached skill level 12 in Ranged Weapons
  5006 | D:6      | Found a runed translucent gate.
  5007 | D:6      | Found a runed translucent gate.
  5007 | D:6      | Noticed baller8008's ghost (amateur DECj)
  5008 | D:6      | Found a runed translucent gate.
  5009 | D:6      | Found a basalt altar of Yredelemnul.
  5023 | D:6      | Killed baller8008's ghost
  5261 | D:6      | Found a bloodstained altar of Trog.
  5313 | D:6      | Found a hazy altar of Hepliaklqana.
  5612 | D:6      | Became a worshipper of Hepliaklqana the Forgotten
  6016 | D:7      | Reached skill level 13 in Ranged Weapons
  6086 | D:7      | Noticed a komodo dragon
  6093 | D:7      | Killed a komodo dragon
  6094 | D:7      | Reached skill level 14 in Ranged Weapons
  6094 | D:7      | Reached skill level 1 in Armour
  6301 | D:7      | Found a broken altar of Ashenzari.
  6398 | D:7      | Noticed Duvessa
  6404 | D:7      | Noticed Dowan
  6408 | D:7      | Killed Duvessa
  6409 | D:7      | Reached XP level 11. HP: 69/71 MP: 11/11
  6410 | D:7      | Killed Dowan
  6415 | D:7      | Got Ripseviq's Guidebook on Transformed Fire
  7326 | D:8      | Noticed a death yak
  7333 | D:8      | Noticed a death yak
  7334 | D:8      | Noticed a death yak
  7344 | D:8      | Killed a death yak
  7344 | D:8      | Killed a death yak
  7344 | D:8      | Killed a death yak
  7345 | D:8      | Reached skill level 5 in Armour
  7345 | D:8      | Reached skill level 15 in Ranged Weapons
  7570 | D:8      | Found a staircase to the Lair.
  7599 | D:8      | Reached * piety under Hepliaklqana
  7630 | D:8      | Identified the +1 dagger of Rebres {venom, Will++}
  7649 | D:8      | Noticed Psyche
  7655 | D:8      | Killed Psyche
  7656 | D:8      | Reached skill level 16 in Ranged Weapons
  7777 | D:8      | Found a blossoming altar of Fedhas.
  7822 | D:8      | Found the +7 Kryia's mail coat {PotionHeal*2 rC+}
  7971 | D:8      | Found a shimmering altar of Xom.
  8354 | D:9      | Reached skill level 1 in Invocations
  8443 | D:9      | Reached XP level 12. HP: 68/68 MP: 13/13
  8616 | D:9      | Found a transporter.
  8619 | D:9      | Noticed dialectric's ghost (novice GrFi)
  8664 | D:9      | Found a transporter.
  8698 | D:9      | Noticed a two-headed ogre
  8703 | D:9      | Killed a two-headed ogre
  8725 | D:9      | Reached ** piety under Hepliaklqana
  8726 | D:9      | Remembered your ancestor Tiberia as a knight
  8937 | D:9      | Reached skill level 5 in Invocations
  8943 | D:9      | Killed dialectric's ghost
  9026 | D:10     | Entered Level 10 of the Dungeon
  9694 | D:10     | Noticed Lodul
  9698 | D:10     | Killed from afar by Lodul

Illustrated notes

Levels and vault maps discovered:
D:1:      giann_horns, layout_basic, serial_shops, shop,
          shapermc_ecumenical_altar_totnotflames
D:2:      layout_loops_ring, amcnicky_mini_pool_small
D:3:      layout_loops_ring, kennysheep_orc_sif_temple, slow_altar_2
D:4:      layout_cave_pools, good_gods_temple_1, temple_pool_b,
          cheibrodos_gnoll_hut, uniq_eustachio, uniq_sigmund
D:5:      layout_rooms, okawaru_ov_weapons_minmay, nicolae_eternal_life,
          minmay_bent
D:6:      layout_basic, mainiacjoe_overflow_catwalk_spiral,
          nicolae_yredelemnul_ghost_church, kb_rosetta
D:7:      layout_basic, marbit_many_paths, minmay_lizard_king, uniq_duvessa
D:8:      layout_cave_pools, mainiacjoe_overflow_catwalk, fedhas_altar_3,
          dpeg_lair_monsters, uniq_psyche
D:9:      layout_long_grid, nicolae_overflow_hidden_temple,
          gammafunk_ghost_stat_death
D:10:     layout_cave_pods, uniq_lodul
Temple:   corrupted_temple

Skill      XL: |  1  2  3  4  5  6  7  8  9 10 11 12 |
---------------+-------------------------------------+-----
Fighting       | 3 4 5 6 9 |  9.0
Ranged Weapons | 7 8 10 14 16 | 16.0
Dodging        | 4 8 |  8.0
Evocations     | 5 6 8 |  8.0
Armour         | 2 5 6 |  6.4
Invocations    | 2 6 |  6.0
Stealth        | |  1.3

Action                     |  1- 3 |  4- 6 |  7- 9 | 10-12 || total
---------------------------+-------+-------+-------+-------++-------
   Fire: Shortbow          |    65 |    74 |   208 |   368 ||   715
 Invoke: Ancestor Life: Kn |       |       |       |     1 ||     1
    Use: Scroll            |     2 |     2 |     6 |     9 ||    19
         Potion            |       |       |       |     5 ||     5
 Armour: Leather armour    |     8 |    24 |    21 |    11 ||    64
         Scale mail        |       |       |       |     3 ||     3
  Dodge: Dodged            |    22 |    41 |    88 |   101 ||   252

Table legend: (Time is in decaauts)
 A = Elapsed time spent in this place.
 B = Non-inter-level travel time spent in this place.
 C = Inter-level travel time spent in this place.
 D = Time resting spent in this place.
 E = Time spent auto-exploring this place.
 F = Levels seen in this place.
 G = Mean time per level.
                   A        B        C        D        E       F      G
               +--------+--------+--------+--------+--------+-----+--------+
         Total |   9704 |   8900 |    804 |    496 |   7166 |  11 |  882.2 |
       Dungeon |   9657 |   8867 |    790 |    496 |   7142 |  10 |  965.7 |
        Temple |     46 |     33 |     13 |      0 |     24 |   1 |   46.0 |
               +--------+--------+--------+--------+--------+-----+--------+

Top non-repeatable levels by time:
     D:6: 1642 daAuts
     D:7: 1266 daAuts
     D:3: 1104 daAuts
     D:5: 994 daAuts
     D:8: 864 daAuts
     D:9: 858 daAuts
     D:1: 765 daAuts
     D:2: 754 daAuts
     D:4: 739 daAuts
    D:10: 668 daAuts
  Temple: 46 daAuts
